 Dungeon Crawl Stone Soup version 0.19.0-18-g426998a (webtiles) character file.

30 Jerry the Sneak (level 3, 0/18 HPs)
             Began as a Vine Stalker Enchanter on Nov 11, 2016.
             Slain by an adder (1 damage)
             ... on level 2 of the Dungeon.
             The game lasted 00:03:12 (1444 turns).

Jerry the Sneak (Vine Stalker Enchanter)            Turns: 1444, Time: 00:03:13

Health: 0/18       AC:  3    Str: 11    XL:     3   Next: 20%
Magic:  0/7        EV: 12    Int: 15    God:
Gold:   76         SH:  0    Dex: 14    Spells: 2 memorised, 3 levels left

rFire  . . .     SeeInvis .     a - +1 dagger
rCold  . . .     Gourm    .     b - +1 robe
rNeg   . . .     Faith    .     (no shield)
rPois  .         Spirit   +     (no helmet)
rElec  .         Reflect  .     (no cloak)
rCorr  .         Harm     .     (no gloves)
MR     .....                    (no boots)
Stlth  +++.......               (no amulet)
                                (no ring)
                                (no ring)

@: lethally poisoned (0 -> -8)
A: fangs 2, magic shield, antimagic bite, no device heal 3, rot immunity
a: no special abilities


You were on level 2 of the Dungeon.
You were not hungry.

You visited 1 branch of the dungeon, and saw 2 of its levels.

You collected 76 gold pieces.

Inventory:

Hand Weapons
 a - a +1 dagger (weapon)
Armour
 b - a +1 robe (worn)
Scrolls
 e - a scroll of remove curse {unknown}
 f - 2 scrolls of identify {unknown}
 h - a scroll of immolation {unknown}
 i - 2 scrolls of blinking {unknown}
 k - 2 scrolls of noise {unknown}
 l - 2 scrolls of enchant weapon {unknown}
 s - a scroll of magic mapping {unknown}
Potions
 j - a potion of curing
 m - a potion of berserk rage {unknown}
 n - a potion of invisibility {unknown}
 o - a potion of lignification {unknown}
 q - a potion of mutation {unknown}
Books
 c - a book of Maledictions

   Spells                             Type                      Level
   a - Corona                         Hexes                        1
   b - Ensorcelled Hibernation        Hexes/Ice                    2
   c - Confuse                        Hexes                        3
   d - Tukima's Dance                 Hexes                        3
   e - Dazzling Spray                 Conjuration/Hexes            3
Comestibles
 d - 2 bread rations
 g - a slice of pizza
 p - a chunk of flesh
 r - a beef jerky


   Skills:
 + Level 1.0 Fighting
 + Level 1.2 Short Blades
 + Level 0.8 Armour
 - Level 1.5 Dodging
 + Level 3.9 Stealth
 - Level 2.1 Spellcasting
 + Level 3.2 Hexes


You had 3 spell levels left.
You knew the following spells:

 Your Spells              Type           Power        Failure   Level  Hunger
a - Corona                Hex            ##.....      8%          1    #......
b - Ensorcelled Hibernat  Hex/Ice        #.....       17%         2    ###....


Dungeon Overview and Level Annotations

Branches:
Dungeon (2/15)

Altars:


Innate Abilities, Weirdness & Mutations

You have extremely sharp teeth.
When hurt, damage is shared between your health and your magic reserves.
Your bite disrupts and absorbs the magic of your enemies.
Potions and wands cannot restore your health.
You are immune to rotting.


Message History

Okay, then.
It was a potion of curing.
Your system rejects the healing.
You feel better. The adder misses you.
You barely miss the adder. Your bite misses the adder.
The adder is severely wounded.
The adder bites you.
* * * LOW HITPOINT WARNING * * *
You are lethally poisoned!
The adder poisons you!
You hit the adder. Your bite misses the adder.
The adder is almost dead.
* * * LOW HITPOINT WARNING * * *
You feel sick. The adder bites you.
* * * LOW HITPOINT WARNING * * *
You are more poisoned.
The adder poisons you! The adder closely misses you.
You closely miss the adder.
The adder is severely wounded.
The adder bites you.
You die...

#.#.# .# #.#.# #.#
#.#.# ### ...) #.#.#
#<# ..(.# #.#.# #.#
####...
#.#.####.###....##.#
#................g..
###.####.###.######
........@Sg.!......
###.#######w#.#####.
#.# ..#.# #.# .###.#
#.# #. .# #.# # ##


You could see an adder, a dart slug and a hobgoblin.

Vanquished Creatures
  An adder (D:2)
  A leopard gecko (D:2)
  A bat (D:1)
  A giant cockroach (D:2)
  2 goblins (D:1)
  3 hobgoblins
  A quokka (D:2)
  A frilled lizard (D:1)
  5 kobolds
  3 rats
19 creatures vanquished.

Notes
Turn   | Place    | Note
-------+----------+-------------------------------------------
     0 | D:1      | Jerry the Vine Stalker Enchanter began the quest for the Orb.
     0 | D:1      | Reached XP level 1. HP: 9/9 MP: 4/4
   129 | D:1      | Reached skill level 1 in Short Blades
   384 | D:1      | Reached XP level 2. HP: 13/14 MP: 6/6
  1067 | D:2      | Learned a level 2 spell: Ensorcelled Hibernation
  1104 | D:2      | Reached skill level 1 in Fighting
  1104 | D:2      | Reached XP level 3. HP: 12/18 MP: 3/7
  1444 | D:2      | Slain by an adder

Skill      XL: |  1  2 |
---------------+-------+-----
Short Blades   | 1 |  1.2
Fighting       | 1 |  1.0
Armour         | |  0.8
Dodging        | |  1.5
Stealth        | |  3.9
Spellcasting   | |  2.1
Hexes          | |  3.2

Action                   || total
-------------------------++-------
Melee: Dagger            ||    76
       Bite              ||    11
 Cast: Corona            ||     5
  Use: Potion            ||     1
 Stab: Sleeping          ||     7
  Eat: Chunk             ||     2
Armor: Robe              ||    14
Dodge: Dodged            ||    39
